 Dungeon Crawl Stone Soup version 0.24.0-13-gcf9b319 (webtiles) character file.

Game seed: 7466285387545642914, levelgen mode: deterministic

95 Bronimir the Chopper (level 4, -10/36 HPs)
             Began as a Centaur Warper on Apr 1, 2020.
             Killed from afar by an orc wizard (12 damage)
             ... with a puff of flame
             ... on level 2 of the Dungeon.
             The game lasted 00:04:08 (2491 turns).

Bronimir the Chopper (Centaur Warper)               Turns: 2491, Time: 00:04:09

Health: -10/36     AC:  4    Str: 15    XL:     4   Next: 39%
Magic:  2/6        EV:  9    Int: 12    God:
Gold:   88         SH:  0    Dex:  8    Spells: 2/6 levels left

rFire    . . .     SeeInvis .   a - +0 hand axe
rCold    . . .     Gourm    .   (no shield)
rNeg     . . .     Faith    .   b - +0 leather armour
rPois    .         Spirit   .   (no helmet)
rElec    .         Reflect  .   (no cloak)
rCorr    +         Harm     .   (no gloves)
MR       .....                  (no barding)
Stlth    ..........             (no amulet)
HPRegen  0.12/turn              g - ring of resist corrosion
MPRegen  0.10/turn              (no ring)

@: very slightly contaminated, very quick
A: large, hooves 3, deformed body, speed 2, tough skin 3
a: no special abilities


You were on level 2 of the Dungeon.
You were very hungry.

You visited 1 branch of the dungeon, and saw 3 of its levels.

You collected 88 gold pieces.

Inventory:

Hand Weapons
 a - a +0 hand axe (weapon)
 p - a cursed -2 spear
Missiles
 c - 26 bolts
 e - 5 boomerangs of dispersal (quivered)
 l - 11 sling bullets
 m - 149 stones
Armour
 b - a +0 leather armour (worn)
 k - a +0 ring mail
Jewellery
 g - a ring of resist corrosion (left hand)
Scrolls
 d - a scroll of blinking
 h - a scroll of teleportation {unknown}
 i - 2 scrolls of identify {unknown}
 j - a scroll of magic mapping {unknown}
 q - 2 scrolls of remove curse {unknown}
Potions
 n - a potion of agility {unknown}
 o - a potion of invisibility {unknown}
 r - a potion of haste {unknown}
Comestibles
 f - a ration


   Skills:
 * Level 2.2 Fighting
 * Level 3.0 Axes
 + Level 1.1 Throwing
 * Level 1.8 Armour
 + Level 1.6 Dodging
 + Level 1.7 Spellcasting
 * Level 2.8 Translocations


You had 2 spell levels left.
You knew the following spells:

 Your Spells              Type           Power        Failure   Level  Hunger
a - Blink                 Tloc           N/A          16%         2    ###....
b - Shroud of Golubria    Chrm/Tloc      #.....       28%         2    ###....

Your spell library contained the following spells:

 Spells                   Type           Power        Failure   Level  Hunger
 Gell's Gravitas          Tloc           #.........   32%         3    ####...
 Lesser Beckoning         Tloc           #.........   32%         3    ####...
 Teleport Other           Tloc           #.......     32%         3    ####...
 Passage of Golubria      Tloc           N/A          71%         4    #####..


Dungeon Overview and Level Annotations

Branches:
Dungeon (3/15)

Altars:
Yredelemnul


Innate Abilities, Weirdness & Mutations

You have hooves in place of feet.
Armour fits poorly on your strangely shaped body.
You cover ground very quickly.
You have extremely tough skin. (AC +3)


Message History

Casting: Shroud of Golubria (safe; 28% risk of failure)
Confirm with . or Enter, or press ? or * to list all spells.
Space distorts slightly along a thin shroud covering your body.
Your shroud bends something's attack away.
You hit something but do no damage. Something hits you.
Your shroud falls apart!
You closely miss something. Something hits you but does no damage.
Your leather armour prevents you from hitting something.
Your kick misses something.
You hear some strange, mumbled words.
A puff of frost appears from out of thin air!
The puff of frost hits you!
* * * LOW HITPOINT WARNING * * *
You miss something. You kick something!
You hear some strange, mumbled words.
A puff of frost appears from out of thin air!
The puff of frost misses you.
A puff of flame appears from out of thin air!
The puff of flame hits you!
You die...

#. ###..........### ###
.....#..........# #
...######.##.#..........###
#.........#.#.............
##.........#.#.........####
..)..........#.......[.# #
#.......#..#.........# #
#...[...#............# #
#...[...@......###...####
#......###.#...###.......
#........# #...........###.
#....?...# ##.....##...# #.
#........# #.....##.#####.
########## #..............
#....######.###
###..<.....##.###
#...>#..##.#.....


There were no monsters in sight!

Vanquished Creatures
  Jessica (D:2)
  Natasha (D:2)
  A dart slug (D:2)
  A leopard gecko (D:1)
  2 orcs (D:2)
  4 bats
  A giant cockroach (D:2)
  5 goblins (D:1)
  4 hobgoblins
  2 jackals (D:1)
  4 kobolds
  2 quokkas (D:2)
  3 frilled lizards
  10 rats
  A spectral orc (D:2)
42 creatures vanquished.

Notes
Turn   | Place    | Note
-------+----------+-------------------------------------------
     0 | D:1      | Bronimir the Centaur Warper began the quest for the Orb.
     0 | D:1      | Reached XP level 1. HP: 17/17 MP: 3/3
    96 | D:1      | Reached skill level 2 in Axes
   159 | D:1      | Reached XP level 2. HP: 21/24 MP: 4/4
   377 | D:1      | Learned a level 2 spell: Blink
   380 | D:1      | Learned a level 2 spell: Shroud of Golubria
   482 | D:1      | Reached skill level 1 in Armour
  1282 | D:2      | Noticed Jessica
  1289 | D:2      | Reached XP level 3. HP: 23/29 MP: 5/5
  1295 | D:2      | Killed Jessica
  1523 | D:2      | Noticed Natasha
  1875 | D:2      | Killed Natasha
  1875 | D:2      | Reached XP level 4. HP: 13/36 MP: 2/6
  2091 | D:2      | Found a basalt altar of Yredelemnul.
  2247 | D:2      | Reached skill level 3 in Axes
  2487 | D:2      | HP: 1/36 [something/puff of frost (11)]
  2491 | D:2      | Killed from afar by an orc wizard

Levels and vault maps discovered:
D:1:      roderic_chinese_lattice_arrival, layout_basic
D:2:      layout_basic, yredelemnul_forgotten_temple_becter, uniq_natasha,
          uniq_jessica
D:3:      layout_loops_ring, first_ration, hangedman_decor_clover_reticule

Skill      XL: |  1  2  3  4 |
---------------+-------------+-----
Axes           | 2 3 |  3.0
Armour         | 1 |  1.8
Fighting       | |  2.2
Throwing       | |  1.1
Dodging        | |  1.6
Spellcasting   | |  1.7
Translocations | |  2.8

Action                   |  1- 3 |  4- 6 || total
-------------------------+-------+-------++-------
Melee: Hand axe          |   117 |    33 ||   150
       Kick              |    14 |    10 ||    24
 Cast: Shroud of Golubri |     1 |     1 ||     2
  Eat: Chunk             |     2 |     1 ||     3
Armor: Leather armour    |    42 |     9 ||    51
Dodge: Dodged            |    62 |    13 ||    75
